 Dungeon Sprint DCSS version 0.30.1-5-ged363bc7ee (webtiles) character file.

Game seed: 3043479183667822556

1104 Heoruswealwe the Markself (level 8, -1/59 HPs)
             Began as a Deep Elf Hunter on Sept 19, 2023.
             Was an Initiate of Gozag.
             Slain by a scorpion (6 damage)
             ... in the Dungeon (Sprint V: "Ziggurat Sprint").
             The game lasted 00:07:44 (176 turns).

Heoruswealwe the Markself (Deep Elf Hunter)          Turns: 176, Time: 00:07:45

Health: -1/59      AC:  3    Str:  8    XL:     8   Next: 11%
Magic:  10/10      EV:  7    Int: 15    God:    Gozag
Gold:   522        SH:  0    Dex: 32    Spells: 7/7 levels left

rFire   . . .        a - +27 heavy crossbow "Sniper" {heavy, Acc+∞ SInv}
rCold   . . .        (shield currently unavailable)
rNeg    . . .        c - +0 leather armour
rPois   .            (no helmet)
rElec   .            (no cloak)
rCorr   .            (no gloves)
SInv    +            (no boots)
Will    .....        (no amulet)
Stlth   +++          k - +6 ring of dexterity
HPRegen 0.29/turn    j - +6 ring of dexterity
MPRegen 0.12/turn

%: no teleportation
@: lethally poisoned (-1 -> -6), gold aura, held
A: no striking features
a: Renounce Religion, Potion Petition, Call Merchant, Bribe Branch


You were in the Dungeon.
You worshipped Gozag.
Gozag was pleased with you.
You visited 1 branch You collected 522 gold pieces.

Inventory:

Hand Weapons
 a - the +27 heavy crossbow "Sniper" (weapon) {heavy, Acc+∞ SInv}
   (You found it in the Dungeon)

   Acc+∞: It never misses its target.
   SInv:      It lets you see invisible.
 b - the +8 storm bow {elec, penet}
   (You found it in the Dungeon)
 l - a +5 longbow of draining
Armour
 c - a +0 leather armour (worn)
Jewellery
 j - a +6 ring of dexterity (right hand)
 k - a +6 ring of dexterity (left hand)
Scrolls
 i - 4 scrolls of blinking
Potions
 d - 10 potions of curing
 e - 10 potions of heal wounds
 f - 6 potions of haste
 w - 2 potions of invisibility
 E - 4 potions of resistance


   Skills:
 + Level 10.9 Fighting
 + Level 16.9 Ranged Weapons
 - Level 2.4 Dodging
 - Level 1.2 Stealth


You had 7 spell levels left.
You didn't know any spells.
Your spell library was empty.

Dungeon Overview and Level Annotations

Branches:
Dungeon (1/1)

Altars:
Ashenzari
Cheibriados
Dithmenos
Elyvilon
Fedhas
Gozag
Hepliaklqana
Kikubaaqudgha
Makhleb
Nemelex Xobeh
Okawaru
Qazlal
Ru
Sif Muna
Trog
Uskayaw
Vehumet
Wu Jian
Xom
Yredelemnul
Zin
The Shining One
Jiyva
Lugonu

Annotations:
D 1 transporter


Message History

Found four items.
Found a transporter.
Fire: a) +27 heavy crossbow "Sniper" {heavy, Acc+∞ SInv}
Press: ? - help, Shift-Dir - straight line, f - tarantella
Aim: a tarantella (100% to hit)
You shoot a bolt.
The jumping spider's many legs skitter faintly.
The bolt hits the tarantella.
The tarantella is lightly wounded.
The tarantella touches you! The tarantella closely misses you.
Fire: a) +27 heavy crossbow "Sniper" {heavy, Acc+∞ SInv}
Press: ? - help, Shift-Dir - straight line, f/p - tarantella
Aim: a tarantella (lightly wounded, 100% to hit)
You shoot a bolt. The bolt hits the tarantella!!!
You kill the tarantella!
The scorpion stings you. x2
You are poisoned.
The scorpion poisons you! The scorpion barely misses you.
The jumping spider barely misses you. The jumping spider bites you.
The scorpion barely misses you. The scorpion misses you.
The jumping spider barely misses you.
The jumping spider bites you but does no damage.
You have reached level 8!
You feel clever.
Fire: a) +27 heavy crossbow "Sniper" {heavy, Acc+∞ SInv}
Press: ? - help, Shift-Dir - straight line, f - jumping spider
Aim: a jumping spider (100% to hit)
You shoot a bolt. The bolt hits the jumping spider.
The jumping spider is lightly wounded.
You feel very sick. The jumping spider misses you. x2
The scorpion stings you but does no damage.
The scorpion stings you. The jumping spider pounces on you.
The jumping spider bites you. The scorpion misses you. The scorpion stings you.
The jumping spider pounces on you!
* * * LOW HITPOINT WARNING * * *
You are caught in a web!
The jumping spider bites you.
* * * LOW HITPOINT WARNING * * *
The scorpion stings you.
You die...
Your body crumbles into a pile of gold.

▓..©..▓..©..▓▓▓▓▓▓▓
▓▓▓▓▓▓▓▓▓▓▓▓▓▓
▓..8©8...▓
▓../?|...▓
▓...[....▓
▓........▓
........▓
▓.▓sss.▓.▓
▓...@....▓
▓▓▓▓▓▓▓▓▓▓


You could see a jumping spider and 2 scorpions.

Vanquished Creatures
  3 merfolk (D)
  A tarantella (D)
  Sigmund (D)
  3 orc priests (D)
  Jessica (D)
  An orc (D)
10 creatures vanquished.

Notes
Turn   | Place    | Note
-------+----------+-------------------------------------------
     0 | D        | Heoruswealwe the Deep Elf Hunter began the quest for the
                  | Orb.
     0 | D        | Reached XP level 1. HP: 12/12 MP: 3/3
     0 | D        | Found a shimmering blue altar of Sif Muna.
     0 | D        | Found a sacrificial altar of Ru.
     0 | D        | Found a bloodstained altar of Trog.
     0 | D        | Found a stormy altar of Qazlal.
     0 | D        | Found an iron altar of Okawaru.
     0 | D        | Found a sparkling altar of Nemelex Xobeh.
     0 | D        | Found a blossoming altar of Fedhas.
     0 | D        | Found the +6 Majin-Bo {spellvamp, MP+6 Int+6}
     0 | D        | Found the +27 heavy crossbow "Sniper" {heavy, Acc+∞ SInv}
     0 | D        | Found the +10 dark maul {heavy}
     0 | D        | Found the +15 Maxwell's patent armour {-Cast -Tele rElec
                  | Will+ rCorr}
     0 | D        | Found the +18 shield of the Gong {Loud rN+ Will+ rCorr
                  | EV-5}
     0 | D        | Found the +16 obsidian axe {drain, demonic, Mesm Drain Fly
                  | SInv}
     0 | D        | Found the +7 great mace "Firestarter" {flame, immolate,
                  | rFlCloud rF++}
     0 | D        | Found the +6 shillelagh "Devastator" {shatter}
     0 | D        | Found the +11 plutonium sword {Contam Stlth-}
     0 | D        | Found the +8 lance "Wyrmbane" {slay drac, rPois rF+ rC+
                  | AC+3}
     0 | D        | Found the +9 sword of Zonguldrok {reap}
     0 | D        | Found the +13 scythe of Curses {drain, curses, Drain}
     0 | D        | Found the +9 sword of Power {lifebolt}
     0 | D        | Found the +7 mace of Variability {chaos, chaos arc}
     0 | D        | Found the +11 Singing Sword {sonic wave}
     0 | D        | Found the +8 storm bow {elec, penet}
     2 | D        | Found a transporter.
     2 | D        | Found an ancient bone altar of Kikubaaqudgha.
     2 | D        | Found a viscous altar of Jiyva.
     2 | D        | Found a corrupted altar of Lugonu.
     2 | D        | Found a hazy altar of Hepliaklqana.
     2 | D        | Found a burning altar of Makhleb.
     2 | D        | Found an opulent altar of Gozag.
    70 | D        | Reached skill level 8 in Ranged Weapons
    70 | D        | Reached XP level 2. HP: 20/20 MP: 4/4
    95 | D        | Became a worshipper of Gozag Ym Sagoz the Greedy
   103 | D        | Entered arena 2.
   103 | D        | Noticed Sigmund
   103 | D        | Noticed Jessica
   103 | D        | Found a transporter.
   105 | D        | Killed Jessica
   106 | D        | Reached skill level 5 in Fighting
   106 | D        | Reached skill level 9 in Ranged Weapons
   106 | D        | Reached XP level 3. HP: 22/26 MP: 5/5
   106 | D        | Killed Sigmund
   107 | D        | Reached skill level 12 in Ranged Weapons
   107 | D        | Reached XP level 4. HP: 30/34 MP: 6/6
   107 | D        | Reached XP level 5. HP: 33/38 MP: 7/7
   112 | D        | Got the ring "Etten" {Ice rN++ Str+4 Int+4}
   123 | D        | Entered arena 3.
   123 | D        | Noticed a merfolk
   123 | D        | Noticed a merfolk
   123 | D        | Noticed a merfolk
   123 | D        | Found a transporter.
   124 | D        | Killed a merfolk
   125 | D        | Reached skill level 14 in Ranged Weapons
   125 | D        | Reached XP level 6. HP: 45/45 MP: 8/8
   125 | D        | Killed a merfolk
   126 | D        | Reached skill level 15 in Ranged Weapons
   126 | D        | Reached XP level 7. HP: 52/52 MP: 9/9
   127 | D        | Killed a merfolk
   128 | D        | Reached skill level 10 in Fighting
   128 | D        | Reached skill level 16 in Ranged Weapons
   141 | D        | Got the ring "Teymio" {rF+ AC+4 Int+2}
   148 | D        | Entered arena 4.
   148 | D        | Found a transporter.
   173 | D        | Entered arena 5.
   173 | D        | Noticed a tarantella
   173 | D        | Noticed a jumping spider
   173 | D        | Found a transporter.
   175 | D        | Killed a tarantella
   176 | D        | Reached XP level 8. HP: 39/59 MP: 10/10
   176 | D        | Slain by a scorpion

Illustrated notes

Levels and vault maps discovered:
D:        sprint_v [room_start, room_1, room_2, room_3, room_4, room_5, room_6,
          room_7, room_8, room_9, room_10, room_11, room_12, room_13, room_14,
          room_15, room_16, room_17, room_18, room_19, room_20, room_21,
          room_22, room_23, room_24, room_25, room_26, room_27]

Skill      XL: |  1  2  3  4  5  6  7 |
---------------+----------------------+-----
Fighting       | 4 5 7 8 9 10 | 10.9
Ranged Weapons | 8 9 12 14 15 16 | 16.9
Dodging        | |  2.4
Stealth        | |  1.2

Action                     |  1- 3 |  4- 6 |  7- 9 || total
---------------------------+-------+-------+-------++-------
   Fire: Heavy crossbow    |     3 |     2 |     9 ||    14
    Use: Potion            |     1 |       |       ||     1
         Scroll            |       |       |     1 ||     1
 Armour: Leather armour    |       |       |     2 ||     2
  Dodge: Dodged            |     3 |       |    12 ||    15
